 Dungeon Crawl Stone Soup version 0.30-a0-223-gcb0039aa0c (webtiles) character file.

Game seed: 10077459457425939030

121 Pooter the Chopper (level 4, -8/41 HPs)
             Began as a Minotaur Berserker on Oct 9, 2022.
             Was a Believer of Trog.
             Killed by nerve-wracking pain
             ... invoked by Grinder
              (11 damage)
             ... on level 4 of the Dungeon.
             The game lasted 00:07:29 (2285 turns).

Pooter the Chopper (Minotaur Berserker)             Turns: 2285, Time: 00:07:29

Health: -8/41      AC:  9    Str: 23    XL:     4   Next: 77%
Magic:  3/3        EV: 10    Int:  4    God:    Trog [**....]
Gold:   88         SH:  0    Dex: 10    Spells: 3/3 levels left

rFire   . . .      SeeInvis .    a - +0 halberd
rCold   . . .      Faith    .    (shield currently unavailable)
rNeg    . . .      Spirit   .    p - +0 scale mail
rPois   .          Reflect  .    (helmet restricted)
rElec   .          Harm     .    e - +0 cloak
rCorr   .          Rampage  .    n - +1 pair of gloves
Will    .....                    (no boots)
Stlth   ..........               (no amulet)
HPRegen 0.26/turn                (no ring)
MPRegen 0.08/turn                (no ring)

@: on berserk cooldown, slowed, very slow
A: horns 2, retaliatory headbutt
a: Renounce Religion, Berserk, Trog's Hand


You were on level 4 of the Dungeon.
You worshipped Trog.
Trog was pleased with you.
You visited 1 branch of the dungeon, and saw 4 of its levels.

You collected 88 gold pieces.

Inventory:

Hand Weapons
 a - a +0 halberd (weapon)
   (You took it off a gnoll on level 2 of the Dungeon)
 b - a +0 sling
   (You took it off a goblin on level 4 of the Dungeon)
 m - a +0 hand axe
Missiles
 l - 8 poisoned darts (quivered)
 Q - 21 stones
Armour
 e - a +0 cloak (worn)
   (You found it on level 1 of the Dungeon)
 n - a +1 pair of gloves (worn)
   (You found it on level 2 of the Dungeon)
 p - a +0 scale mail (worn)
   (You found it on level 3 of the Dungeon)
 r - a +0 kite shield
   (You found it on level 3 of the Dungeon)
Scrolls
 f - a scroll of poison {unknown}
 g - a scroll of enchant armour
 j - a scroll of identify {unknown}
 s - a scroll of fear {unknown}
 t - 4 scrolls of teleportation {@r4}
 u - a scroll of silence {unknown}
 v - a scroll of blinking {unknown}
Potions
 c - a potion of lignification {unknown}
 d - 2 potions of curing {@q1}
 h - 7 potions of heal wounds {unknown}
 i - a potion of haste {unknown}
 k - a potion of attraction {unknown}
 o - a potion of mutation {unknown}
 q - a potion of cancellation {unknown}


   Skills:
 + Level 4.7 Fighting
 * Level 5.7(5.8) Axes
 + Level 1.0(3.7) Polearms
 * Level 0.2 Ranged Weapons
 - Level 2.4 Armour
 - Level 2.1 Dodging


You had 3 spell levels left.
You didn't know any spells.
Your spell library was empty.

Dungeon Overview and Level Annotations

Branches:
Dungeon (4/15)
 Temple: D:4-7

Altars:

Annotations:
D:4 Grinder


Innate Abilities, Weirdness & Mutations

You have a pair of horns on your head.
You reflexively headbutt those who attack you in melee.


Message History

The poisoned dart hits the giant cockroach.
The giant cockroach is poisoned.
You reach to attack!
You barely miss the giant cockroach.
You kill the giant cockroach!
Trog accepts your kill.
Your base Polearms skill increases to level 1!
You reach to attack!
You barely miss the kobold.
A red film seems to cover your vision as you go berserk!
You feel yourself moving faster!
You feel mighty! The kobold completely misses you. You furiously retaliate!
You headbutt the kobold!
You kill the kobold!
Trog accepts your kill.
You slash Grinder! Grinder hits you!
You hit Grinder. Your headbutt misses Grinder.
Grinder blinks!
You barely miss Grinder. Grinder hits you.
You closely miss Grinder.
Grinder blinks!
You reach to attack!
You impale Grinder!! Grinder gestures at you.
You suddenly lose the ability to move!
Grinder blinks! x2
You can move again.
You are no longer berserk.
You are exhausted.
You feel yourself slow down. Grinder gestures at you.
Pain shoots through your body!
There is an open door here.
You see here a hobgoblin corpse.
Grinder drinks a potion.
Grinder is healed!
You closely miss Grinder. Grinder gestures at you.
You suddenly lose the ability to move!
Grinder hits you!
You writhe in agony.
* * * LOW HITPOINT WARNING * * *
Grinder hits you but does no damage. Grinder hits you.
* * * LOW HITPOINT WARNING * * *
You writhe in agony.
* * * LOW HITPOINT WARNING * * *
Grinder gestures at you. Pain shoots through your body!
* * * LOW HITPOINT WARNING * * *
Grinder hits you but does no damage.
You can move again.
You hit Grinder but do no damage.
Grinder blinks!
Grinder gestures at you.
You barely resist. Grinder gestures at you. Pain shoots through your body!
You die...

...##.. ......(#######
.......#.....#
.......'.....#
.......#)....#
.......#.....#
.......#....5#
.....K5####†###
.....[. #@....#
....... #.....#
.###### #.....#
#.....## #####+#
#......# #......
#......### #......
#############........#
#......
#.................##.#
#.....^
#.###########.######.#
#......


You could see Grinder.

Vanquished Creatures
  4 gnolls (D:2)
  6 worms
  A dart slug (D:1)
  An orc (D:3)
  3 ball pythons
  7 endoplasms
  4 giant cockroaches
  6 goblins
  6 hobgoblins
  5 jackals
  5 kobolds
  A quokka (D:1)
  4 bats (D:1)
  A frilled lizard (D:3)
  3 rats
57 creatures vanquished.

Notes
Turn   | Place    | Note
-------+----------+-------------------------------------------
     0 | D:1      | Pooter the Minotaur Berserker began the quest for the Orb.
     0 | D:1      | Reached XP level 1. HP: 19/19 MP: 0/0
    76 | D:1      | Reached skill level 4 in Axes
    85 | D:1      | Reached XP level 2. HP: 27/27 MP: 1/1
   314 | D:1      | Reached XP level 3. HP: 28/33 MP: 2/2
   642 | D:2      | Found a faded altar of an unknown god.
   643 | D:2      | Noticed a floating eye
   650 | D:2      | Noticed a golden eye
   654 | D:2      | Noticed a golden eye
   654 | D:2      | Noticed a great orb of eyes
   792 | D:2      | Reached ** piety under Trog
  1075 | D:2      | Reached skill level 5 in Axes
  1078 | D:2      | Reached XP level 4. HP: 34/41 MP: 3/3
  2257 | D:4      | Noticed Grinder
  2263 | D:4      | Reached skill level 1 in Polearms
  2271 | D:4      | Paralysed by Grinder for 3 turns
  2278 | D:4      | Paralysed by Grinder for 5 turns
  2281 | D:4      | HP: 1/41 [Grinder/nerve-wracking pain (10)]
  2285 | D:4      | Killed from afar by Grinder

Illustrated notes

Levels and vault maps discovered:
D:1:      ncdulo_wetmaze, layout_rooms, minmay_pentomino_o4
D:2:      layout_basic, hellmonk_ecumenical_altar_watching_god,
          solitary_fountain, nicolae_wormholes
D:3:      layout_rooms, corexii_corridor_pit
D:4:      layout_basic, uniq_robin, uniq_grinder

Skill      XL: |  1  2  3  4 |
---------------+-------------+-----
Axes           | 4 5 |  5.7
Fighting       | 4 |  4.7
Polearms       | 1 |  1.0
Ranged Weapons | |  0.2
Armour         | |  2.4
Dodging        | |  2.1

Action                   |  1- 3 |  4- 6 || total
-------------------------+-------+-------++-------
Melee: Hand axe          |    53 |     1 ||    54
       Headbutt          |     7 |     2 ||     9
       Halberd           |       |    46 ||    46
Throw: Dart              |       |     1 ||     1
Invok: Berserk           |     1 |     1 ||     2
  Use: Scroll            |     1 |     1 ||     2
Armor: Animal skin       |     9 |     2 ||    11
       Scale mail        |       |     2 ||     2
Dodge: Dodged            |    35 |     6 ||    41

Table legend: (Time is in decaauts)
 A = Elapsed time spent in this place.
 B = Non-inter-level travel time spent in this place.
 C = Inter-level travel time spent in this place.
 D = Time resting spent in this place.
 E = Time spent auto-exploring this place.
 F = Levels seen in this place.
 G = Mean time per level.
                   A        B        C        D        E       F      G
               +--------+--------+--------+--------+--------+-----+--------+
         Total |   2329 |   2278 |     51 |     74 |   1815 |   4 |  582.2 |
       Dungeon |   2329 |   2278 |     51 |     74 |   1815 |   4 |  582.2 |
               +--------+--------+--------+--------+--------+-----+--------+

Top non-repeatable levels by time:
     D:2: 869 daAuts
     D:1: 647 daAuts
     D:3: 541 daAuts
     D:4: 271 daAuts
